 Dungeon Crawl Stone Soup version 0.18.1-48-g4cf74bf (webtiles) character file.

375 Krapald the Ducker (level 6, -42/61 HPs)
             Began as a Troll Fighter on July 12, 2016.
             Killed from afar by a goblin (43 damage)
             ... with an exploding inner flame
             ... led by Robin
             ... hexed by the player character
             ... on level 4 of the Dungeon on July 13, 2016.
             The game lasted 00:23:39 (3167 turns).

Krapald the Ducker (Troll Fighter)                  Turns: 3167, Time: 00:23:45

Health: -42/61     AC:  6    Str: 26    XL:     6   Next: 44%
Magic:  5/5        EV:  9    Int:  4    God:
Gold:   257        SH:  9    Dex: 10    Spells: 0 memorised, 5 levels left

rFire  . . .     SeeInvis .       - Unarmed
rCold  . . .     Gourm    +     a - +0 robe
rNeg   . . .     Faith    .     b - +0 shield
rPois  .         Spirit   .     (helmet restricted)
rElec  .         Dismiss  .     (no cloak)
rCorr  .         Reflect  .     (gloves unavailable)
SustAt .         Harm     .     (boots unavailable)
MR     .....                    (no amulet)
Stlth  +.........               (no ring)
                                (no ring)

@: not resistant to hostile enchantments, very unstealthy
A: unfitting armour, claws 3, molten scales 1, fast metabolism 3, gourmand,
regeneration 2, shaggy fur 1, tough skin 2
a: no special abilities


You were on level 4 of the Dungeon.
You were not hungry.

You visited 1 branch of the dungeon, and saw 4 of its levels.

You collected 257 gold pieces.

Inventory:

Hand Weapons
 e - a +0 club
 g - a +0 club
 l - a +0 dagger
 o - a +0 dagger
 r - a +0 club
 w - a +0 dagger
 z - a +0 dagger
 B - a +0 club
 K - a +0 hand axe
 N - a +0 quarterstaff
 P - a +0 war axe
 R - a +0 long sword
 S - a +0 arbalest
 T - a +2 vampiric long sword
 V - a +1 halberd of protection
 X - a cursed -2 whip
 Y - a +0 spear
Missiles
 t - 44 arrows (quivered)
 u - 169 stones
 D - 81 bolts
 H - 3 large rocks
 O - 3 curare-tipped needles
Armour
 a - a +0 robe (worn)
 b - a +0 shield (worn)
 j - a +0 ring mail
 n - a +0 robe
 y - a +0 leather armour
 E - a +1 pair of gloves
 F - a +0 buckler
 L - a cursed -1 robe
Jewellery
 M - an uncursed ring of magical power {unknown}
Scrolls
 f - a scroll of fear {unknown}
 h - a scroll of magic mapping {unknown}
 i - 2 scrolls of amnesia
 k - 2 scrolls of teleportation {unknown}
 p - a scroll of remove curse
 q - a scroll of noise {unknown}
 s - a scroll of identify {unknown}
 A - a scroll of enchant weapon {unknown}
 C - a scroll of recharging {unknown}
 I - a scroll of random uselessness {unknown}
 U - a scroll of fog
Potions
 c - 2 potions of might
 d - 2 potions of heal wounds
 m - a potion of cancellation {unknown}
 x - 2 potions of mutation {unknown}
 G - a potion of flight {unknown}
 Q - a potion of haste {unknown}
Books
 J - a book of Clouds

   Spells                             Type                      Level
   a - Mephitic Cloud                 Conjuration/Poison/Air       3
   b - Conjure Flame                  Conjuration/Fire             3
   c - Poisonous Cloud                Conjuration/Poison/Air       6
   d - Freezing Cloud                 Conjuration/Ice/Air          6
   e - Ring of Flames                 Charms/Fire                  7
Comestibles
 W - a bread ration


   Skills:
 + Level 3.4 Fighting
 + Level 4.3 Dodging
 + Level 0.4 Stealth
 + Level 3.3 Shields
 + Level 3.2 Unarmed Combat


You had 5 spell levels left.
You didn't know any spells.

Dungeon Overview and Level Annotations

Branches:
Dungeon (4/15)
 Temple: D:4-7

Altars:
Cheibriados
Yredelemnul

Shops:
D:4 =

Annotations:
D:4 Robin


Innate Abilities, Weirdness & Mutations

You are too large for most types of armour.
You have claws for hands.
Your metabolism is lightning-fast.
You like to eat raw meat.
You heal very quickly.
You are covered in fur (AC +1).
You have very tough skin (AC +2).
You are partially covered in molten scales (AC +1).


Message History

* * * LOW HITPOINT WARNING * * *
You block the hound's attack. The goblin hits you with a dagger.
* * * LOW HITPOINT WARNING * * *
You block the goblin's attack. The goblin hits you but does no damage.
Read which item? (? for menu, Esc to quit)
As you read the scroll labeled HEROXZ UTECVAI, it crumbles to dust.
The scroll dissolves into smoke.
It was a scroll of fog.
The hound closely misses you. The goblin closely misses you.
You block the goblin's attack. The goblin hits you.
* * * LOW HITPOINT WARNING * * *
You block the goblin's attack. The hound closely misses you.
The goblin hits you with a dagger.
* * * LOW HITPOINT WARNING * * *
You scratch the goblin.
The goblin explodes!
The fiery explosion engulfs the goblin.
The goblin explodes!
The fiery explosion engulfs you!
Ouch! That really hurt!
You die...

##.# #........#
....... .#.#
#........# .......
.#.#
#........##.......
.#.#
#........(........
.#.#
#........(........
...#
#........†..######
#..#
#######§§gg....).
#..# #§gghg.....
##># #§§@gg?....
#.# ###§g§.....
#.# #§.§.....
##.#### #........
......# #........
##.#### #........
#.# ######### #.#
#.#


You could see a hound (inner flame), Robin (inner flame), a hobgoblin (inner
flame) and 6 goblins.

Vanquished Creatures
  A scorpion (D:4)
  An orc priest (D:4)
  Natasha (twice) (D:2)
  2 worker ants (D:4)
  A hound zombie (D:3)
  3 gnolls (D:4)
  6 adders
  2 oozes
  3 dart slugs (D:1)
  7 giant geckos
  3 orcs
  9 bats
  5 giant cockroaches
  9 goblins
  8 hobgoblins
  5 jackals
  4 kobolds
  2 quokkas
  3 giant newts
  11 rats
87 creatures vanquished.

Notes
Turn   | Place    | Note
--------------------------------------------------------------
     0 | D:1      | Krapald the Troll Fighter began the quest for the Orb.
     0 | D:1      | Reached XP level 1. HP: 22/22 MP: 0/0
    49 | D:1      | Reached XP level 2. HP: 26/29 MP: 1/1
   242 | D:1      | Reached XP level 3. HP: 36/36 MP: 2/2
   348 | D:1      | Reached skill level 3 in Dodging
  1021 | D:2      | Reached XP level 4. HP: 44/44 MP: 3/3
  1209 | D:2      | Noticed Natasha
  1230 | D:2      | Killed Natasha
  1635 | D:2      | Noticed Natasha
  1643 | D:2      | Killed Natasha
  1643 | D:2      | Reached XP level 5. HP: 49/53 MP: 4/4
  2080 | D:3      | Found a snail-covered altar of Cheibriados.
  2084 | D:3      | Found a basalt altar of Yredelemnul.
  2629 | D:4      | Gained mutation: You are partially covered in molten scales (AC +1). [potion of beneficial mutation]
  2630 | D:4      | Noticed a phantom
  2633 | D:4      | Reached skill level 4 in Dodging
  2783 | D:4      | Reached XP level 6. HP: 39/61 MP: 5/5
  2985 | D:4      | Found Riost's Jewellery Shop.
  3154 | D:4      | Noticed Robin
  3166 | D:4      | HP: 1/61 [goblin/dagger[Robin] (3)]
  3167 | D:4      | Killed from afar by a goblin

Skill      XL: |  1  2  3  4  5 |
---------------+----------------+-----
Dodging        | 3 4 |  4.3
Fighting       | 3 |  3.4
Shields        | 3 |  3.3
Unarmed Combat | 3 |  3.2
Stealth        | |  0.4

Action                   |  1- 3 |  4- 6 || total
-------------------------+-------+-------++-------
Melee: Unarmed           |   106 |   215 ||   321
  Use: Scroll            |     3 |     2 ||     5
       Potion            |       |     1 ||     1
  Eat: Bread ration      |     1 |     1 ||     2
       Meat ration       |     1 |       ||     1
       Chunk             |       |    15 ||    15
Armor: Robe              |    53 |    62 ||   115
Dodge: Dodged            |    53 |    86 ||   139
Block: Shield            |    63 |   106 ||   169
